Description

adept run by into adept immo all in

VOD

https://youtu.be/csDn0y3PcZw?t=3664

Replay - Serral v Trap: Game 6 - Golden Wall LE

Build Order

Get SALT Encoding   

  12  0:00  Probe  
  13  0:12  Probe  
  14  0:18  Pylon  
  14  0:24  Probe  
  15  0:32  Probe  
  15  0:40  Probe  
  16  0:44  Gateway  
  17  0:51  Assimilator, Probe  
  18  1:03  Probe  
  19  1:15  Probe  
  20  1:27  Nexus  
  20  1:36  Cybernetics Core  
  20  1:39  Probe  
  21  1:46  Assimilator  
  21  1:51  Probe  
  22  1:56  Pylon  
  22  2:04  Adept  
  26  2:15  Warp Gate  
  27  2:32  Twilight Council  
  28  2:37  Stalker  
  35  3:00  Robotics Facility  
  35  3:07  Resonating Glaives  
  35  3:12  Gateway  
  37  3:25  Adept  
  41  3:35  Gateway x2  
  41  3:38  Warp Prism  
  41  3:51  Pylon  
  45  4:02  Shield Battery, Pylon  
  45  4:09  Adept x2  
  49  4:14  Observer  
  52  4:25  Assimilator  
  52  4:32  Adept x4  
  60  4:42  Pylon  
  58  4:55  Adept x2  
  62  5:03  Immortal  
  66  5:10  Assimilator  
  74  5:30  Immortal  
  72  5:49  Gateway x3  
  72  5:55  Gateway  
  72  5:56  Sentry x4  
  76  6:03  Immortal  
  84  6:25  Sentry x2  
  86  6:32  Sentry  
Spawning Tool Build Advisor. Get it on Overwolf

Go to:

Details

  • Created by: mullito4
  • Published on: Aug 23, 2020
  • Modified on: Aug 23, 2020
  • Patch: 4.11.0
  • Difficulty: Hard
Show
View Real Time Build Order
Export as new Build Order

Comments (0)

There are no comments. Be the first!

Create an account to comment!